 Dungeon Crawl Stone Soup version 0.19.4-12-gccf7e64 (webtiles) character file.

137 sankara the Insei (level 4, -1/37 HPs)
             Began as a Demigod Transmuter on Feb 27, 2017.
             Slain by an orc priest (3 damage)
             ... on level 3 of the Dungeon.
             The game lasted 00:05:07 (1781 turns).

sankara the Insei (Demigod Transmuter)              Turns: 1781, Time: 00:05:08

Health: -1/37      AC:  4    Str: 13    XL:     4   Next: 69%
Magic:  9/9        EV: 12    Int: 17    God:
Gold:   124        SH:  0    Dex: 18    Spells: 2 memorised, 3 levels left

rFire  . . .     SeeInvis .       - Unarmed
rCold  . . .     Gourm    +     b - +0 robe
rNeg   . . .     Faith    .     (no shield)
rPois  .         Spirit   .     o - +0 helmet
rElec  .         Reflect  .     t - +0 cloak
rCorr  .         Harm     .     (no gloves)
MR     .....                    (boots currently unavailable)
Stlth  ++........               n - amulet of the gourmand
                                (no ring)
                                (no ring)

@: appendage (expiring)
A: talons 3, high mp 1
a: End Transformation


You were on level 3 of the Dungeon.
You were completely stuffed.
You had grown temporary talons.
You visited 1 branch of the dungeon, and saw 3 of its levels.

You collected 124 gold pieces.

Inventory:

Missiles
 a - 38 arrows
Armour
 b - a +0 robe (worn)
 o - a +0 helmet (worn)
 t - a +0 cloak (worn)
Jewellery
 n - an amulet of the gourmand (around neck)
Scrolls
 e - 3 scrolls of identify
 j - 2 scrolls of teleportation {unknown}
 k - 3 scrolls of remove curse {unknown}
 p - a scroll of immolation {unknown}
 q - a scroll of recharging {unknown}
 s - a scroll of amnesia {unknown}
Potions
 g - 2 potions of agility {unknown}
 h - 2 potions of curing {unknown}
 i - a potion of ambrosia {unknown}
 m - a potion of brilliance {unknown}
 r - 2 potions of magic {unknown}
 u - a potion of flight {unknown}
 w - a potion of degeneration {unknown}
Books
 c - a book of Changes

   Spells                             Type                      Level
   a - Beastly Appendage              Transmutation                1
   b - Sticks to Snakes               Transmutation                2
   c - Spider Form                    Transmutation/Poison         3
   d - Ice Form                       Ice/Transmutation            4
   e - Blade Hands                    Transmutation                5
Comestibles
 d - 2 bread rations
 f - 3 meat rations
 l - 2 fruits
 v - 3 chunks of flesh


   Skills:
 + Level 2.4 Fighting
 - Level 1.7 Dodging
 + Level 3.9 Unarmed Combat
 - Level 1.7 Spellcasting
 + Level 2.9 Transmutations


You had 3 spell levels left.
You knew the following spells:

 Your Spells              Type           Power        Failure   Level  Hunger
a - Beastly Appendage     Tmut           ##....       10%         1    #......
b - Sticks to Snakes      Tmut           ##......     12%         2    ###....


Dungeon Overview and Level Annotations

Branches:
Dungeon (3/15)


Innate Abilities, Weirdness & Mutations

You have an increased reservoir of magic. (+10% MP)
You have claws for feet.


Message History

You are too injured to fight recklessly!
You are too injured to fight recklessly!
You hit the orc priest. You claw the orc priest.
The orc priest is heavily wounded.
The orc priest hits you from afar with a trident.
* * * LOW HITPOINT WARNING * * *
The orc priest hits you.
* * * LOW HITPOINT WARNING * * *
You hit the orc priest. You claw the orc priest.
The orc priest is severely wounded.
The orc priest calls upon Beogh to heal the orc priest.
The orc priest is healed somewhat.
You hit the orc priest. Your kick misses the orc priest.
The orc priest is heavily wounded.
The orc priest hits you.
* * * LOW HITPOINT WARNING * * *
You hit the orc priest.
The orc priest is almost dead.
The orc priest hits you.
You die...

#............
#.##........#####
#.#.#.#######$_.##
...##.# #.8$8$#
..P##.# #..$o.#
PPP.#.# .8.8.
P_P.#.# ... P.P.#.#
#o### P...#.# #.#@#
......# #oo.###
^.....# ###...#
...^#[# #.#.#
≈_≈≈#.#### #.#.#
.##......# #.#.#
^≈^#####.# #.#.#
##.#####.#######.#.#
#.#.......÷.....#.#


You could see 2 orc priests.

Vanquished Creatures
  An orc priest (D:3)
  An orc wizard (D:3)
  3 adders
  An ooze (D:2)
  A worm (D:3)
  3 dart slugs
  A leopard gecko (D:1)
  An orc (D:3)
  A giant cockroach (D:1)
  5 goblins
  3 hobgoblins
  5 jackals
  A quokka (D:2)
  5 bats
  4 frilled lizards
  10 rats
46 creatures vanquished.

Notes
Turn   | Place    | Note
-------+----------+-------------------------------------------
     0 | D:1      | sankara the Demigod Transmuter began the quest for the Orb.
     0 | D:1      | Reached XP level 1. HP: 15/15 MP: 5/5
   105 | D:1      | Reached skill level 1 in Fighting
   383 | D:1      | Reached XP level 2. HP: 15/23 MP: 5/7
   393 | D:1      | Learned a level 2 spell: Sticks to Snakes
   428 | D:1      | Reached skill level 3 in Unarmed Combat
  1078 | D:2      | Reached XP level 3. HP: 23/28 MP: 6/8
  1468 | D:3      | Found a bloodstained altar of Trog.
  1519 | D:3      | Found a blossoming altar of Fedhas.
  1672 | D:3      | Found a stormy altar of Qazlal.
  1732 | D:3      | Reached XP level 4. HP: 35/36 MP: 7/9
  1751 | D:3      | Found a roughly hewn altar of Beogh.
  1781 | D:3      | Slain by an orc priest

Skill      XL: |  1  2  3 |
---------------+----------+-----
Fighting       | 1 2 |  2.4
Transmutations | 2 |  2.9
Unarmed Combat | 3 |  3.9
Dodging        | |  1.7
Spellcasting   | |  1.7

Action                   |  1- 3 |  4- 6 || total
-------------------------+-------+-------++-------
Melee: Unarmed           |   129 |    22 ||   151
       Kick              |    23 |     8 ||    31
       Headbutt          |     9 |       ||     9
       Punch             |     1 |       ||     1
 Cast: Beastly Appendage |    27 |     2 ||    29
  Use: Scroll            |     1 |       ||     1
 Stab: Sleeping          |     3 |       ||     3
  Eat: Chunk             |    16 |       ||    16
Armor: Robe              |    21 |     1 ||    22
Dodge: Dodged            |    85 |    13 ||    98
